 Dungeon Crawl Stone Soup version 0.27-a0-869-g165b36e3f0 (webtiles) character file.

Game seed: 15086258786790369787

4 robertstho the Sneak (level 1, 0/20 HPs)
             Began as a Minotaur Delver on Apr 2, 2021.
             Slain by Terence
             ... wielding a +0 trident
              (3 damage)
             ... on level 3 of the Dungeon.
             The game lasted 00:01:19 (477 turns).

robertstho the Sneak (Minotaur Delver)               Turns: 477, Time: 00:01:20

Health: 0/20       AC:  3    Str: 16    XL:     1   Next: 50%
Magic:  0/0        EV: 11    Int:  7    God:
Gold:   29         SH:  0    Dex: 11    Spells: 0/0 levels left

rFire    + . .     SeeInvis .   a - +0 hand axe
rCold    . . .     Faith    .   (no shield)
rNeg     . . .     Spirit   .   b - +0 leather armour
rPois    .         Reflect  .   (helmet restricted)
rElec    .         Harm     .   (no cloak)
rCorr    .         Rampage  .   (no gloves)
Will     .....                  (no boots)
Stlth    ++........             (no amulet)
HPRegen  0.06/turn              j - ring of protection from fire
MPRegen  0.07/turn              (no ring)

@: no status effects
A: horns 2, retaliatory headbutt
a: no special abilities


You were on level 3 of the Dungeon.
You visited 1 branch of the dungeon, and saw 3 of its levels.

You collected 29 gold pieces.

Inventory:

Hand Weapons
 a - a +0 hand axe (weapon)
Armour
 b - a +0 leather armour (worn)
Jewellery
 j - a ring of protection from fire (left hand)
Wands
 g - a wand of digging (3)
Scrolls
 c - a scroll of fog
 d - a scroll of magic mapping
 e - a scroll of fear
 i - a scroll of enchant weapon {unknown}
 k - a scroll of teleportation {unknown}


   Skills:
 * Level 3.7 Fighting
 + Level 2.4 Axes
 * Level 0.7 Armour
 + Level 2.2 Dodging
 - Level 4.1 Stealth


You couldn't memorise any spells.
You didn't know any spells.
Your spell library was empty.

Dungeon Overview and Level Annotations

Branches:
Dungeon (5/15)
 Temple: D:4-7

Altars:

Annotations:
D:3 Terence


Innate Abilities, Weirdness & Mutations

You have a pair of horns on your head.
You reflexively headbutt those who attack you in melee.


Message History

No target in view!
No target in view!
Terence the Incautious comes into view.
He is wielding a +0 trident.
Terence is nearby!
Terence is nearby!
Terence is nearby!
Terence is nearby!
Terence shouts!
Terence hits you from afar with a +0 trident.
Terence completely misses you.
You barely miss Terence. Terence hits you with a +0 trident.
You closely miss Terence. Terence barely misses you. You furiously retaliate!
You headbutt Terence. Terence completely misses you.
You hit Terence.
Terence is heavily wounded.
Terence barely misses you.
You hit Terence. Your headbutt misses Terence.
Terence is heavily wounded.
Terence hits you but does no damage.
You closely miss Terence.
Terence is heavily wounded.
Terence barely misses you.
You closely miss Terence. Your headbutt misses Terence.
Terence is heavily wounded.
Terence completely misses you. You furiously retaliate!
You headbutt Terence. You barely miss Terence.
You headbutt Terence, but do no damage.
Terence is almost dead.
Terence misses you. Terence hits you with a +0 trident.
You barely miss Terence.
Terence is almost dead.
Terence hits you but does no damage.
You hit Terence but do no damage.
Terence is almost dead.
Terence hits you with a +0 trident!
Ouch! That really hurt!
* * * LOW HITPOINT WARNING * * *
You barely miss Terence.
Terence is almost dead.
Terence hits you with a +0 trident.
You die...

..# ..# ..#
#.# #### #.#
#.. #.# #@#
#.# #@#
#>#### #.#
#....# #.#
###....# #.#
#......# #.#
#......# #.#
#....### #.#
#....# #.#
#....# #.#
#....#######


You could see Terence.

Vanquished Creatures
  An adder skeleton (D:4)
  A rat (D:3)
2 creatures vanquished.

Notes
Turn   | Place    | Note
-------+----------+-------------------------------------------
     0 | D:5      | robertstho the Minotaur Delver began the quest for the Orb.
     0 | D:5      | Reached XP level 1. HP: 19/19 MP: 0/0
   111 | D:4      | Noticed a scorpion
   462 | D:3      | Noticed Terence
   477 | D:3      | Slain by Terence

Illustrated notes

Levels and vault maps discovered:
D:3:      layout_basic, kb_xom_exploding_sheep, general_overflow_altar,
          basic_ecumenical_altar, chequers_hall_statues_wall_a, uniq_terence
D:4:      layout_gridville, old_standard_altar, lemuel_crystal_altar,
          minmay_temple_entry_slanted, minmay_surrounded
D:5:      layout_basic, kennysheep_little_box, okawaru_altar_gauntlet_db,
          gammafunk_ghost_hive, moated_statue

Action                   || total
-------------------------++-------
Melee: Hand axe          ||    13
       Headbutt          ||     2
  Use: Potion            ||     2
 Stab: Sleeping          ||     1
Armor: Leather armour    ||     2
Dodge: Dodged            ||     7

Table legend: (Time is in decaauts)
 A = Elapsed time spent in this place.
 B = Non-inter-level travel time spent in this place.
 C = Inter-level travel time spent in this place.
 D = Time resting spent in this place.
 E = Time spent auto-exploring this place.
 F = Levels seen in this place.
 G = Mean time per level.
                   A        B        C        D        E       F      G
               +--------+--------+--------+--------+--------+-----+--------+
         Total |    458 |    458 |      0 |      0 |    384 |   3 |  152.7 |
       Dungeon |    458 |    458 |      0 |      0 |    384 |   3 |  152.7 |
               +--------+--------+--------+--------+--------+-----+--------+

Top non-repeatable levels by time:
     D:3: 329 daAuts
     D:4: 69 daAuts
     D:5: 59 daAuts
